 Dungeon Crawl Stone Soup version 0.31-a0-819-gf6de2f5ab6 (webtiles) character file.

Game seed: 6657570514999258859

39 qw the Shooter (level 3, -2/22 HPs)
             Began as a Gargoyle Hunter on Sept 23, 2023.
             Slain by Robin
             ... wielding a +0 spear
              (3 damage)
             ... on level 2 of the Dungeon.
             The game lasted 00:00:21 (860 turns).

qw the Shooter (Gargoyle Hunter)                     Turns: 860, Time: 00:00:21

Health: -2/22      AC:  6    Str: 14    XL:     3   Next: 47%
Magic:  3/3        EV: 11    Int:  9    God:
Gold:   64         SH:  0    Dex: 15    Spells: 2/2 levels left

rFire   . . .        Y - +0 shortbow
rCold   . . .        (shield currently unavailable)
rNeg    + . .        c - +0 leather armour
rPois   inf          (no helmet)
rElec   +            (no cloak)
rCorr   .            (no gloves)
SInv    .            (no boots)
Will    .....        (no amulet)
Stlth   ++           (no ring)
HPRegen 0.23/turn    (no ring)
MPRegen 0.08/turn

%: no passive effects
@: no status effects
A: sickness immunity, AC +3, negative energy resistance 1, electricity
resistance, torment resistance 1, petrification resistance
a: no special abilities


You were on level 2 of the Dungeon.
You visited 1 branch of the dungeon, and saw 2 of its levels.

You collected 64 gold pieces.


Innate Abilities, Weirdness & Mutations

You are immune to sickness and miasma.
Your stone body is resilient. (AC +3)
You are immune to poison.
You resist negative energy. (rN+)
You are resistant to electric shocks. (rElec)
You are resistant to unholy torment.
You are immune to petrification.


   Skills:
 + Level 2.6 Fighting
 - Level 5.0 Ranged Weapons
 - Level 1.5 Dodging
 - Level 1.1 Stealth


You had 2 spell levels left.
You didn't know any spells.
Your spell library was empty.

Inventory:

Hand Weapons
 Y - a +0 shortbow (weapon)
Armour
 c - a +0 leather armour (worn)
Scrolls
 j - a scroll of identify
Potions
 f - a potion of heal wounds {unknown}
 g - a potion of curing {unknown}
 i - 2 potions of might
 k - a potion of haste {unknown}
 l - a potion of resistance {unknown}

Dungeon Overview and Level Annotations

Branches:
Dungeon (2/15)

Altars:

Annotations:
D:2 Robin


Message History

You kill the hobgoblin!
The goblin barely misses you.
Robin hits you from afar with a +0 spear.
You shoot an arrow. The arrow barely misses the goblin.
The arrow hits the hobgoblin but does no damage.
The hobgoblin is heavily wounded.
The goblin hits you with a +0 club. The goblin hits you but does no damage.
You shoot an arrow. The arrow hits the goblin.
The goblin is moderately wounded.
A goblin comes into view. It is wielding a +0 dagger.
The goblin hits you with a +0 club. The goblin closely misses you.
Robin closely misses you.
You shoot an arrow. The arrow hits the goblin.
You kill the goblin!
The goblin hits you but does no damage. Robin misses you.
The goblin hits you but does no damage. The hobgoblin closely misses you.
You shoot an arrow. The arrow barely misses the hobgoblin.
The arrow closely misses the goblin.
The arrow hits the adder.
The adder is lightly wounded.
The goblin hits you but does no damage. The hobgoblin barely misses you.
You shoot an arrow. The arrow closely misses the hobgoblin.
The arrow barely misses the goblin.
The goblin no longer looks unusually strong.
The hobgoblin barely misses you. The goblin hits you but does no damage.
Robin roars a battlecry!
The goblin goes into a battle-frenzy!
You hear an angry hiss.
You shoot an arrow. The arrow hits the hobgoblin.
You kill the hobgoblin!
The goblin hits you with a +0 dagger. Robin hits you but does no damage.
You shoot an arrow. The arrow completely misses the goblin.
The goblin hits you but does no damage. The goblin hits you with a +0 club.
Robin barely misses you. Robin hits you but does no damage.
The goblin hits you with a +0 club. The goblin hits you but does no damage.
You shoot an arrow. The arrow hits the goblin.
The goblin is heavily wounded.
The goblin hits you but does no damage. The goblin hits you with a +0 club.
Robin hits you from afar with a +0 spear.
You die...
Robin says, "And that's why I'm the boss." ############## #..........g@# #.##########g# #<# gS..

#.#
.......
#.#
#.........
#.#
#..).#####
#.# )#....
#.#
.......
#.#


You could see Robin, an adder and 2 goblins.

Vanquished Creatures
  2 dart slugs (D:1)
  2 ball pythons (D:1)
  2 bats (D:1)
  An endoplasm (D:1)
  9 goblins
  3 hobgoblins
  A quokka (D:1)
  4 frilled lizards (D:1)
  3 kobolds (D:1)
  7 rats (D:1)
34 creatures vanquished.

Notes
Turn   | Place    | Note
-------+----------+-------------------------------------------
     0 | D:1      | qw the Gargoyle Hunter began the quest for the Orb.
     0 | D:1      | Reached XP level 1. HP: 12/12 MP: 1/1
     0 | D:1      | 0 ||| qw: Version: 0.3-a-83-gcd0e7d8
     0 | D:1      | 0 ||| qw: Game counter: 1518
     0 | D:1      | 0 ||| qw: Melee chars always use a shield: true
     0 | D:1      | 0 ||| qw: God list: Okawaru
     0 | D:1      | 0 ||| qw: Allow faded altars: false
     0 | D:1      | 0 ||| qw: Do Orc after clearing Dungeon:15 true
     0 | D:1      | 0 ||| qw: Do second Lair branch before Depths: true
     0 | D:1      | 0 ||| qw: Lair rune preference: random
     0 | D:1      | 0 ||| qw: Goals: Normal
     0 | D:1      | 0 ||| PLANNING D:1-11
     6 | D:1      | Noticed a wyvern
     6 | D:1      | Noticed a black bear
     7 | D:1      | Noticed an anaconda
   127 | D:1      | Reached XP level 2. HP: 17/17 MP: 2/2
   478 | D:1      | Reached XP level 3. HP: 21/21 MP: 3/3
   561 | D:1      | Reached skill level 5 in Ranged Weapons
   771 | D:1      | 771 ||| READING scroll labelled LEH HAICIG.
   776 | D:1      | 776 ||| READING scroll labelled NOWEACR ENLESONKEM.
   777 | D:1      | 777 ||| READING 3 scrolls labelled ESCHUUDGHUROV.
   778 | D:1      | 778 ||| DRINKING 3 yellow potions.
   779 | D:1      | 779 ||| READING 2 scrolls of identify.
   779 | D:1      | 779 ||| IDENTIFYING emerald potion
   780 | D:1      | 780 ||| DROPPING scroll of butterflies.
   781 | D:1      | 781 ||| DROPPING potion of magic.
   845 | D:2      | Noticed Robin
   859 | D:2      | HP: 3/22 [goblin/+0 club[Robin] (6)]
   860 | D:2      | HP: 1/22 [goblin/+0 club[Robin] (2)]
   860 | D:2      | Slain by Robin

Levels and vault maps discovered:
D:1:      onia_arrival_zoo_common, layout_basic, minmay_pentomino_r2
D:2:      layout_loops_ring, basic_altar, kennysheep_another_room,
          minmay_randomly_rotated_circles, uniq_natasha, uniq_robin

Skill      XL: |  1  2  3 |
---------------+----------+-----
Ranged Weapons | 5 |  5.0
Fighting       | |  2.6
Dodging        | |  1.5
Stealth        | |  1.1

Action                     || total
---------------------------++-------
   Fire: Shortbow          ||    89
    Use: Scroll            ||     4
         Potion            ||     1
 Armour: Leather armour    ||    36
  Dodge: Dodged            ||    26

Table legend:
 A = Non-vault XP
 B = Vault XP
 C = Vault XP percentage of total XP
 D = Non-vault monster count
 E = Vault monster count
 F = Vault count percentage of total count
                 A         B        C        D         E       F
            +---------+---------+-------+---------+---------+-------
      Total |      38 |      19 |  33.3 |      23 |      11 |  32.4
            +---------+---------+-------+---------+---------+-------
        D:1 |      38 |       3 |   7.3 |      23 |       2 |   8.0
        D:2 |       0 |      16 | 100.0 |       0 |       9 | 100.0
            +---------+---------+-------+---------+---------+-------
